 Dungeon Crawl Stone Soup version 0.26-a0-1161-g0398aca569 (webtiles) character file.

Game seed: 981428002300572642

479060 KristoblXynda the Brawler (level 23, -7/214 (222) HPs)
             Began as a Troll Monk on Dec 21, 2020.
             Was the Champion of Cheibriados.
             Killed from afar by a shadow dragon (45 damage)
             ... with a bolt of negative energy
             ... on level 5 of the Vaults on Dec 27, 2020.
             The game lasted 02:11:06 (53822 turns).

KristoblXynda the Brawler (Troll Monk)             Turns: 53822, Time: 02:11:07

HP:   -7/214 (222)  AC: 36    Str: 47    XL:     23   Next: 67%
MP:   27/32         EV: 17    Int: 24    God:    Cheibriados [******]
Gold: 3858          SH: 22    Dex: 27    Spells: 14/36 levels left

rFire    + + +     SeeInvis .     - Unarmed
rCold    + + .     Faith    .   m - +2 kite shield
rNeg     . . .     Spirit   .   O - +12 gold dragon scales
rPois    +         Reflect  +   (helmet restricted)
rElec    +         Harm     .   g - +0 cloak of Opibij {*Drain rPois rF+ Will++}
rCorr    .         Rampage  .   (gloves unavailable)
Will     ++++.                  (boots unavailable)
Stlth    ..........             G - amulet of reflection
HPRegen  0.85/turn              e - ring of Mutualism {*Contam +Fly rC+ Str+7 Int-4 Dex+4}
MPRegen  0.23/turn              C - ring "Deuskasm" {+Fly rElec rF++ Will+ Dex-4}

@: lightly drained, very slow
A: large, unfitting armour, claws 3, horns 1, fire resistance 1, sense
surroundings 1, regeneration 1, shaggy fur 1, tough skin 3
}: 2/15 runes: serpentine, barnacled
a: Renounce Religion, Evoke Flight, Bend Time, Temporal Distortion, Slouch, Step
From Time


You were on level 5 of the Vaults.
You worshipped Cheibriados.
Cheibriados was exalted by your worship.
You visited 8 branches of the dungeon, and saw 42 of its levels.
You also visited: Gauntlet and Ice Cave.

You collected 6219 gold pieces.
You spent 2361 gold pieces at shops.

Inventory:

Armour
 g - the +0 cloak of Opibij (worn) {*Drain rPois rF+ Will++}
   (You bought it in a shop on level 2 of the Orcish Mines)

   It protects you from fire.
   It protects you from poison.
   It affects your willpower, your defense against some magical effects.
   It causes draining when unequipped.
 m - a +2 kite shield (worn)
 O - +12 gold dragon scales (worn)
Jewellery
 c - an uncursed ring of protection from fire {unknown}
 e - the ring of Mutualism (left claw) {*Contam +Fly rC+ Str+7 Int-4 Dex+4}
   (You bought it in a shop on level 1 of the Depths)

   [ring of protection from cold]

   It affects your strength (+7).
   It affects your intelligence (-4).
   It affects your dexterity (+4).
   It protects you from cold.
   It lets you fly.
   It causes magical contamination when unequipped.
 x - the amulet of Pumial {Acrobat Fragile rElec rPois Dex+4}
   (You acquired it on level 4 of the Vaults)

   [amulet of the acrobat]

   It helps you evade while moving and waiting.
   It affects your dexterity (+4).
   It insulates you from electricity.
   It protects you from poison.
   It will be destroyed if unequipped.
 C - the ring "Deuskasm" (right claw) {+Fly rElec rF++ Will+ Dex-4}
   (You found it on level 9 of the Dungeon)

   [ring of willpower]

   It affects your dexterity (-4).
   It greatly protects you from fire.
   It insulates you from electricity.
   It affects your willpower, your defense against some magical effects.
   It lets you fly.
 G - an amulet of reflection (around neck)
Wands
 r - a wand of disintegration (57)
 D - a wand of iceblast (20)
 F - a wand of acid (1)
 H - a wand of paralysis (49)
Scrolls
 a - 9 scrolls of amnesia
 d - 12 scrolls of teleportation
 f - 5 scrolls of immolation
 k - 4 scrolls of identify
 n - 7 scrolls of magic mapping
 p - 3 scrolls of enchant armour
 w - 24 scrolls of remove curse
 y - 5 scrolls of fear
 E - 9 scrolls of fog
Potions
 b - 15 potions of curing
 i - 4 potions of cancellation
 l - 4 potions of might
 o - 2 potions of brilliance
 s - 11 potions of flight
 t - 5 potions of resistance
 u - 9 potions of lignification
 v - 6 potions of mutation
 z - 6 potions of attraction
 I - 3 potions of invisibility
 P - 2 potions of magic
 Q - 2 potions of ambrosia
Miscellaneous
 h - a tin of tremorstones (2/2)
 J - a box of beasts
 L - a lightning rod (4/4)
 M - a condenser vane
 N - a phial of floods


   Skills:
 - Level 12.1 Fighting
 + Level 12.9 Armour
 + Level 13.2 Dodging
 - Level 3.9 Stealth
 - Level 9.0 Shields
 + Level 19.3 Unarmed Combat
 - Level 7.0 Spellcasting
 - Level 4.3 Hexes
 - Level 8.0 Necromancy
 + Level 12.7 Transmutations
 - Level 4.3 Air Magic
 - Level 10.3 Earth Magic
 - Level 9.0 Invocations
 - Level 5.6 Evocations


You had 14 spell levels left.
You knew the following spells:

 Your Spells              Type           Power        Failure   Level
a - Wereblood             Tmut           63%          1%          2
b - Statue Form           Tmut/Erth      39%          56%         6
c - Borgnjor's Vile Clut  Necr/Erth      25%          32%         5
d - Silence               Hex/Air        14%          94%         5
e - Petrify               Tmut/Erth      59%          4%          4

Your spell library contained the following spells:

 Spells                   Type           Power        Failure   Level
 Beastly Appendage        Tmut           100%         1%          1
 Passwall                 Tmut/Erth      49%          1%          2
 Sublimation of Blood     Necr           23%          2%          2
 Blade Hands              Tmut           31%          8%          5
 Spider Form              Tmut/Pois      19%          11%         3
 Swiftness                Air            29%          13%         2
 Stone Arrow              Conj/Erth      66%          19%         3
 Lee's Rapid Deconstruct  Erth           27%          21%         5
 Shock                    Conj/Air       72%          22%         1
 Leda's Liquefaction      Hex/Erth       21%          24%         4
 Confusing Touch          Hex            29%          26%         3
 Ignite Poison            Fire/Tmut/Pois 28%          26%         3
 Ensorcelled Hibernation  Hex/Ice        36%          32%         2
 Ice Form                 Ice/Tmut       39%          36%         4
 Yara's Violent Unravell  Hex/Tmut       24%          38%         5
 Freeze                   Ice            32%          45%         1
 Magic Dart               Conj           32%          45%         1
 Summon Small Mammal      Summ           32%          45%         1
 Dazzling Flash           Conj/Hex       36%          54%         3
 Portal Projectile        Hex/Tloc       36%          54%         3
 Static Discharge         Conj/Air       18%          54%         3
 Summon Guardian Golem    Hex/Summ       18%          54%         3
 Call Imp                 Summ           8%           58%         2
 Searing Ray              Conj           16%          58%         2
 Airstrike                Air            14%          65%         4
 Cause Fear               Hex            14%          65%         4
 Alistair's Intoxication  Tmut/Pois      26%          71%         5
 Irradiate                Conj/Tmut      19%          71%         5
 Call Canine Familiar     Summ           8%           83%         3
 Frozen Ramparts          Ice            16%          83%         3
 Gell's Gravitas          Tloc           4%           83%         3
 Ozocubu's Armour         Ice            8%           83%         3
 Fulminant Prism          Conj/Hex       9%           91%         4
 Summon Lightning Spire   Summ/Air       18%          91%         4
 Bolt of Magma            Conj/Fire/Erth 12%          98%         5
 Hailstorm                Conj/Ice       8%           99%         4
 Iskenderun's Mystic Bla  Conj/Tloc      8%           99%         4
 Passage of Golubria      Tloc           N/A          99%         4
 Summon Ice Beast         Ice/Summ       8%           99%         4
 Lightning Bolt           Conj/Air       9%           99%         5
 Metabolic Englaciation   Hex/Ice        9%           99%         5
 Summon Mana Viper        Hex/Summ       18%          99%         5
 Eringya's Noxious Bog    Tmut/Pois      19%          99%         6
 Iskenderun's Battlesphe  Conj           8%           100%        5
 Summon Demon             Summ           4%           100%        5
 Summon Forest            Summ/Tloc      4%           100%        5
 Conjure Ball Lightning   Conj/Air       9%           100%        6
 Dispersal                Tloc           4%           100%        6
 Invisibility             Hex            29%          100%        6
 Iron Shot                Conj/Erth      16%          100%        6
 Shadow Creatures         Summ           N/A          100%        6
 Malign Gateway           Summ/Tloc      4%           100%        7
 Monstrous Menagerie      Summ           4%           100%        7
 Orb of Destruction       Conj           4%           100%        7
 Spellforged Servitor     Conj/Summ      4%           100%        7
 Summon Greater Demon     Summ           4%           100%        7
 Summon Hydra             Summ           4%           100%        7
 Discord                  Hex            14%          100%        8
 Disjunction              Tloc           4%           100%        8
 Summon Horrible Things   Summ           4%           100%        8
 Shatter                  Erth           27%          100%        9
 Tornado                  Air            14%          100%        9


Dungeon Overview and Level Annotations

Branches:
Dungeon (15/15)            Temple (1/1) D:7            Lair (6/6) D:11
 Shoals (4/4) Lair:2        Snake (4/4) Lair:4        Slime (0/5) Lair:6
    Orc (2/2) D:11            Elf (0/3) Orc:2        Vaults (5/5) D:13
  Crypt (0/3) Vaults:2     Depths (5/5) D:15            Zot (0/5) Depths:5
  IceCv (visited)         Gauntlet (visited)

Altars:
Ashenzari
Cheibriados
Dithmenos
Elyvilon
Fedhas
Gozag
Hepliaklqana
Kikubaaqudgha
Makhleb
Nemelex Xobeh
Okawaru
Qazlal
Ru
Sif Muna
Trog
Uskayaw
Vehumet
Wu Jian
Xom
Yredelemnul
Zin
The Shining One
Jiyva

Shops:
Orc:1 (   Orc:2 [:(!*   Shoals:4 !   Snake:1 =?   Snake:3 ?   Vaults:1 *
Depths:1 }==   Depths:4 ((

Portals:
Hell: Depths:1 Depths:3 Depths:4
Abyss: Depths:4
Pandemonium: Orc:2 Depths:3
Ziggurat: Depths:1
Trove: Vaults:1 (show abyssal rune of Zot)

Annotations:
D:7 3 runed translucent doors, thewurscht's ghost, amateur TrHu
Lair:6 1 runed translucent door
Depths:5 3 runed translucent doors, hofbold's ghost, veteran BaAK


Innate Abilities, Weirdness & Mutations

You are too large for most types of armour.
You have claws for hands.
Your natural rate of healing is unusually fast.
You are covered in fur. (AC +1)
You have extremely tough skin. (AC +3)
You have a pair of small horns on your head.
Your flesh is heat resistant. (rF+)
You passively map a small area around you.


Message History

You block the harpy's attack. The harpy closely misses you.
The shadow dragon bites you but does no damage.
You block the shadow dragon's attack. x2
You block the phantasmal warrior's attack.
The war gargoyle launches metal splinters at you.
The spray of metal splinters hits you but does no damage.
You feel better.
Your surroundings suddenly seem different.
Found a dyed leather armour and a leather armour.
Unknown command.
You start resting.
A shadow dragon comes into view.
A yaktaur captain comes into view.
The yaktaur captain shouts!
The yaktaur captain wields a +0 arbalest.
The yaktaur captain shoots a bolt.
The bolt hits you.
* * * LOW HITPOINT WARNING * * *
The shadow dragon breathes negative energy at you.
The bolt of negative energy hits you!!!
You feel drained.
You die...

, * #c. ..#* * ,,
#..#..# , #..#D.# ,
* , #..#..# ,
#..#..#####.
#..#........ ,
#..#........, *
#..@........ , , ,
#....########## ####
#..[........... ...m
#.............[ ....
#.............. ....
#.............. ....
#....##########*####
#.....* ,,, , #..#..
, , ,,


You could see a shadow dragon (catching breath) and a yaktaur captain.

Vanquished Creatures
  An ancient lich (Vaults:4)
  Mara (Vaults:3)
  Sojobo (Depths:5)
  A caustic shrike (Depths:5)
  Saint Roka (Vaults:1)
  Vashnia (Snake:3)
  3 golden dragons
  A bone dragon (Depths:1)
  3 tentacled monstrosities
  Jorgrun (D:15)
  3 liches
  Asterion (Snake:3)
  6 titans
  A sphinx (Depths:5)
  Frances (Lair:2)
  3 krakens
  The ghost of Womp the Peltast, an adept HuWn of Kikubaaqudgha (Snake:2)
  Kirke (Lair:5)
  A sphinx (shapeshifter) (Depths:1)
  The ghost of Yvvy the Slingshot, an adept HaHu of Cheibriados (Shoals:3)
  4 storm dragons
  9 tengu reavers
  10 fire giants
  6 nagarajas
  The ghost of Muedoud the Sharpshooter, an adept KoBe of Trog (Snake:4)
  4 shadow dragons
  2 frost giants
  A draconian knight (Depths:5)
  A curse skull (Vaults:2)
  A juggernaut zombie (Depths:1)
  2 caustic shrike zombies (Depths:1)
  10 vault wardens
  A balrug (Depths:3)
  Louise (Shoals:3)
  A draconian shifter (Depths:5)
  6 ironheart preservers
  A caustic shrike skeleton (Depths:1)
  2 spriggan defenders (Depths:3)
  18 very ugly things
  14 stone giants
  A vampire knight (Depths:3)
  2 black draconians (Depths:5)
  2 yellow draconians (Depths:5)
  A deep elf annihilator (Vaults:5)
  Nessos (D:13)
  A minotaur (Gauntlet)
  2 pale draconians (Depths:5)
  4 spark wasps
  2 red draconians (Depths:5)
  8 ettins
  7 merfolk javelineers
  2 blizzard demons (IceCv)
  A deep elf death mage (Vaults:4)
  An eidolon (Vaults:2)
  11 fire dragons
  3 deep elf high priests (Depths:4)
  6 merfolk impalers
  16 yaktaur captains
  Erolcha (D:13)
  Harold (Lair:2)
  Josephine (D:15)
  33 vault guards
  9 great orbs of eyes
  9 ice dragons
  15 naga warriors
  3 rakshasas
  A great orb of eyes (shapeshifter) (Vaults:4)
  8 boulder beetles
  3 spriggan air magi (Depths:3)
  6 hydras
  5 merfolk avatars
  24 two-headed ogres
  5 centaur warriors
  3 merfolk aquamancers
  2 alligator snapping turtles (Shoals:3)
  10 ogre magi
  10 deep troll earth magi
  8 death yaks (Lair:5)
  12 anacondas
  7 deep troll shamans
  2 death knights (Vaults:2)
  2 satyrs
  2 spriggan berserkers
  6 tengu warriors
  20 naga sharpshooters
  A titan zombie (Depths:4)
  4 orc high priests (Orc:2)
  A storm dragon zombie (Depths:1)
  2 soul eaters
  7 shock serpents
  3 sixfirhies
  3 deep elf knights
  5 spriggans
  Nergalle (D:12)
  2 shadow wraiths (Vaults:2)
  18 sea snakes
  4 small abominations (Depths:4)
  5 unseen horrors
  A golden dragon zombie (Depths:4)
  22 deep trolls
  3 iron trolls
  A titan skeleton (Depths:1)
  6 salamander mystics
  A deep troll (shapeshifter) (Depths:1)
  A swamp dragon (shapeshifter) (Vaults:5)
  A torturous demonspawn (Orc:2)
  A storm dragon skeleton (Depths:1)
  6 wizards
  4 flayed ghosts
  12 naga ritualists
  A gelid demonspawn (Orc:2)
  A glowing orange brain (Depths:2)
  A tengu zombie (Depths:1)
  A deep elf archer (Vaults:1)
  An infernal demonspawn (Orc:2)
  A lindwurm (Lair:6)
  A shadow dragon zombie (Depths:1)
  8 ironbrand convokers
  A sphinx zombie (Depths:1)
  5 deep elf magi
  5 phantasmal warriors
  14 orc knights
  A harpy (shapeshifter) (Depths:5)
  5 necromancers
  32 harpies
  12 cyclopes
  4 wolf spiders
  4 oklob plants (Lair:5)
  10 mana vipers
  8 orc sorcerers
  A tengu skeleton (Depths:1)
  3 shadow dragon skeletons (Depths:1)
  12 manticores
  A stone giant zombie (Vaults:3)
  A sphinx skeleton (Vaults:3)
  16 fauns
  13 vault sentinels
  45 black mambas
  28 ugly things
  10 elephants
  16 salamanders
  7 merfolk sirens
  27 naga magi
  A torpor snail (Lair:5)
  4 water nymphs
  A rust devil (Orc:2)
  2 smoke demons
  An iron dragon skeleton (Depths:1)
  2 molten gargoyles (Lair:6)
  3 ice statues (IceCv)
  2 orange demons
  2 centaur skeletons (D:13)
  9 cane toads
  3 gargoyles
  2 guardian serpents
  A cane toad (shapeshifter) (Vaults:2)
  Maggie (D:8)
  5 large abominations
  2 elf skeletons
  11 ice devils
  5 spectral swamp worms (Depths:4)
  5 rime drakes
  3 elf zombies
  56 yaktaurs
  5 red devils (Depths:2)
  7 freezing wraiths
  4 hellwings
  10 komodo dragons
  6 tengu conjurers
  21 merfolk
  3 anaconda simulacra (IceCv)
  A golden dragon simulacrum (Depths:1)
  A jumping spider (shapeshifter) (D:13)
  6 wind drakes
  2 polar bears
  9 hornets
  A meliai (shapeshifter) (Depths:2)
  A sphinx simulacrum (Vaults:3)
  15 blink frogs
  9 trolls
  A blink frog (shapeshifter) (Vaults:3)
  A deep troll zombie (Depths:1)
  2 dream sheep (Shoals:4)
  An ettin zombie (Depths:1)
  42 slime creatures
  14 snapping turtles
  A stone giant simulacrum (Vaults:1)
  2 human simulacra
  2 centaur simulacra (Gauntlet)
  3 spriggan skeletons (Depths:1)
  8 wraiths
  6 shadows
  2 hogs (Lair:5)
  9 wyverns
  5 dire elephant simulacra (IceCv)
  Sigmund (D:2)
  A yak (shapeshifter) (Vaults:5)
  An ice dragon skeleton (Vaults:1)
  6 water elementals
  A hog (shapeshifter) (Vaults:4)
  41 yaks
  4 chaos spawn (Depths:4)
  7 basilisks
  5 steam dragons
  Grum (D:9)
  Menkaure (D:6)
  A harpy simulacrum (IceCv)
  An iron troll simulacrum (IceCv)
  3 wargs
  36 nagas
  A soldier ant (D:11)
  3 swamp worms (Lair:1)
  A human zombie (Vaults:1)
  5 acid dragons
  16 water moccasins
  4 hell hounds (Lair:6)
  42 orc warriors
  2 phantoms
  5 ice beasts
  2 sky beasts
  An eye of draining (D:15)
  2 necrophages
  3 black bears
  An ice dragon simulacrum (Gauntlet)
  8 boggarts (Vaults:2)
  27 ogres
  8 wolves
  11 centaurs
  A human skeleton (Vaults:3)
  A big kobold (D:12)
  20 bullfrogs
  A glowing shapeshifter simulacrum (Vaults:1)
  A wyvern zombie (D:13)
  4 scorpions
  3 wyvern skeletons
  9 killer bees
  An orc simulacrum (Vaults:1)
  11 wights
  2 howler monkeys
  A bullfrog zombie (D:12)
  3 electric eels (Snake:2)
  A centaur zombie (D:7)
  3 crimson imps
  5 lava snakes (Lair:6)
  A quasit (D:10)
  3 jellies
  A bullfrog skeleton (D:11)
  5 hounds
  30 orc priests
  A gnoll shaman (D:9)
  A hound (shapeshifter) (D:15)
  24 orc wizards
  2 iguanas (D:5)
  10 worker ants
  A hound skeleton (D:4)
  7 gnolls (D:9)
  23 adders
  3 shadow imps
  5 white imps
  An ufetubus (D:8)
  An ooze (D:1)
  A worm (D:4)
  A dart slug (D:1)
  6 leopard geckos
  80 orcs
  4 giant cockroaches
  9 goblins
  10 hobgoblins
  16 jackals
  4 quokkas
  A ball python (D:3)
  6 bats
  7 frilled lizards
  2 jackal skeletons
  8 kobolds
  A quokka skeleton (D:6)
  A quokka zombie (D:6)
  7 rats
  A crawling corpse (Vaults:5)
  2 plants
  6 tentacles
1750 creatures vanquished.

Vanquished Creatures (collateral kills)
  A caustic shrike (Depths:4)
1 creature vanquished.

Vanquished Creatures (others)
  A tengu reaver (Depths:5)
  A nagaraja (Snake:4)
  A deep elf high priest (Vaults:5)
  A rakshasa (Depths:2)
  A vault guard (D:13)
  A smoke demon (Depths:2)
  A naga mage (Snake:4)
  A red devil (Depths:2)
  2 humans (Lair:5)
  A naga (Snake:4)
  An ogre (Depths:3)
  A boggart (Vaults:2)
  A jelly (D:5)
  An orc priest (Orc:2)
  A quokka (D:15)
  15 fungi
  135 plants
  23 tentacles
189 creatures vanquished.

Grand Total: 1940 creatures vanquished

Notes
Turn   | Place    | Note
-------+----------+-------------------------------------------
     0 | D:1      | KristoblXynda the Troll Monk began the quest for the Orb.
     0 | D:1      | Reached XP level 1. HP: 22/22 MP: 0/0
     0 | D:1      | Upgraded the game from 0.26-a0-1138-gef23d1325b to
                  | 0.26-a0-1161-g0398aca569
    59 | D:1      | Reached XP level 2. HP: 29/29 MP: 1/1
    95 | D:1      | You fall into a shaft and drop 1 floor!
   308 | D:2      | Reached XP level 3. HP: 36/36 MP: 2/2
   428 | D:2      | Found a bloodstained altar of Trog.
   753 | D:2      | Noticed Sigmund
   767 | D:2      | Killed Sigmund
   768 | D:2      | Reached skill level 4 in Unarmed Combat
   768 | D:2      | Reached XP level 4. HP: 26/45 MP: 3/3
   768 | D:2      | Reached XP level 5. HP: 31/53 MP: 4/4
   833 | D:2      | Reached skill level 5 in Unarmed Combat
  1074 | D:3      | Found a hide-covered altar of Uskayaw.
  1351 | D:3      | Reached XP level 6. HP: 28/61 MP: 5/5
  1831 | D:4      | Reached skill level 6 in Unarmed Combat
  2186 | D:4      | Reached XP level 7. HP: 67/67 MP: 6/6
  2193 | D:4      | You fall into a shaft and drop 2 floors!
  2443 | D:6      | Found an opulent altar of Gozag.
  2518 | D:6      | Noticed Menkaure
  2524 | D:6      | Killed Menkaure
  2626 | D:6      | Reached skill level 7 in Unarmed Combat
  2765 | D:6      | Reached XP level 8. HP: 79/79 MP: 7/7
  3081 | D:6      | Reached skill level 5 in Dodging
  3095 | D:6      | Found a blossoming altar of Fedhas.
  3154 | D:5      | Entered Level 5 of the Dungeon
  3572 | D:5      | Found a sparkling altar of Nemelex Xobeh.
  3672 | D:5      | Reached skill level 5 in Fighting
  3699 | D:5      | Found a blossoming altar of Fedhas.
  5193 | D:7      | Reached skill level 8 in Unarmed Combat
  5205 | D:7      | Found a glowing silver altar of Zin.
  5473 | D:7      | Reached XP level 9. HP: 88/88 MP: 8/8
  5573 | D:7      | Found a runed translucent gate.
  5573 | D:7      | Found a runed translucent gate.
  5573 | D:7      | Found an opulent altar of Gozag.
  5574 | D:7      | Found a runed translucent gate.
  5578 | D:7      | Noticed thewurscht's ghost (amateur TrHu)
  5578 | D:7      | Noticed a cyclops
  5586 | D:7      | Learned a level 2 spell: Wereblood
  5610 | D:7      | Found Morphus's Antique Weapon Emporium.
  5801 | D:7      | Found a staircase to the Ecumenical Temple.
  5807 | Temple   | Entered the Ecumenical Temple
  6006 | Temple   | Became a worshipper of Cheibriados the Contemplative
  6006 | Temple   | Reached * piety under Cheibriados
  6006 | Temple   | Reached ** piety under Cheibriados
  6046 | D:8      | Found a basalt altar of Yredelemnul.
  6119 | D:8      | Noticed a two-headed ogre
  6137 | D:8      | Reached skill level 9 in Unarmed Combat
  6144 | D:8      | Killed a two-headed ogre
  6167 | D:8      | Noticed Maggie
  6179 | D:8      | Killed Maggie
  6180 | D:8      | Reached XP level 10. HP: 73/102 MP: 9/9
  6304 | D:8      | Found a broken altar of Ashenzari.
  6609 | D:8      | Reached skill level 1 in Armour
  6862 | D:9      | Reached *** piety under Cheibriados
  6942 | D:9      | Got a pitted marble ring
  7102 | D:9      | Found an iron altar of Okawaru.
  7111 | D:9      | Noticed Grum
  7112 | D:9      | Reached skill level 10 in Unarmed Combat
  7131 | D:9      | Killed Grum
  7499 | D:9      | Identified the ring "Deuskasm" {+Fly rElec rF++ Will+
                  | Dex-4} (You found it on level 9 of the Dungeon)
  7515 | D:10     | Entered Level 10 of the Dungeon
  7515 | D:10     | Noticed a gargoyle
  7521 | D:10     | Killed a gargoyle
  7521 | D:10     | Reached **** piety under Cheibriados
  7741 | D:10     | Found an ancient bone altar of Kikubaaqudgha.
  8213 | D:10     | Reached ***** piety under Cheibriados
  8592 | D:11     | Found a staircase to the Orcish Mines.
  8729 | D:11     | Reached XP level 11. HP: 69/111 MP: 10/10
  8805 | D:11     | Found a staircase to the Lair.
  9087 | Lair:1   | Entered Level 1 of the Lair of Beasts
  9505 | D:12     | Reached skill level 11 in Unarmed Combat
  9690 | D:12     | Noticed a cyan ugly thing
  9695 | D:12     | Killed a cyan ugly thing
  9962 | D:12     | Noticed Nergalle
  9971 | D:12     | Killed Nergalle
 10117 | D:13     | Noticed a boulder beetle
 10132 | D:13     | Killed a boulder beetle
 10133 | D:13     | Reached skill level 5 in Armour
 10198 | D:13     | Noticed a two-headed ogre
 10206 | D:13     | Killed a two-headed ogre
 10312 | D:13     | Reached ****** piety under Cheibriados
 10326 | D:13     | Noticed a four-headed hydra
 10333 | D:13     | Killed a five-headed hydra
 10336 | D:13     | Noticed Erolcha
 10340 | D:13     | Killed Erolcha
 10341 | D:13     | Reached XP level 12. HP: 83/123 MP: 11/11
 10417 | D:13     | Reached skill level 1 in Evocations
 10491 | D:13     | Noticed a two-headed ogre
 10493 | D:13     | Found a blossoming altar of Fedhas.
 10594 | D:13     | Noticed a centaur warrior
 10602 | D:13     | Killed a centaur warrior
 10914 | D:13     | Noticed a vault guard
 10932 | D:13     | Noticed a vault guard
 11013 | D:13     | Killed a vault guard
 11018 | D:13     | Reached skill level 12 in Unarmed Combat
 11092 | D:13     | Noticed an ogre mage
 11093 | D:13     | Noticed a vault guard
 11093 | D:13     | Noticed Nessos
 11105 | D:13     | Killed an ogre mage
 11109 | D:13     | Killed Nessos
 11114 | D:13     | Killed a vault guard
 11163 | D:13     | Reached skill level 10 in Dodging
 11289 | D:13     | Killed a vault guard
 11335 | D:13     | Found a gate to the Vaults.
 11335 | D:13     | Noticed a vault guard
 11341 | D:13     | Killed a vault guard
 12253 | D:14     | Reached skill level 1 in Shields
 12404 | D:14     | Reached XP level 13. HP: 123/131 MP: 12/12
 12730 | D:15     | Entered Level 15 of the Dungeon
 12753 | D:15     | Noticed Josephine
 12754 | D:15     | Found a staircase to the Depths.
 12765 | D:15     | Killed Josephine
 12770 | D:15     | Noticed Jorgrun
 13430 | D:15     | Killed Jorgrun
 13431 | D:15     | Reached skill level 13 in Unarmed Combat
 13431 | D:15     | Reached skill level 5 in Evocations
 13801 | D:15     | Found a white marble altar of Elyvilon.
 14768 | Lair:2   | Found a gate leading to a gauntlet.
 14775 | Gauntlet | Entered a Gauntlet
 14775 | Gauntlet | Found a transporter.
 14776 | Gauntlet | Found a transporter.
 14778 | Gauntlet | Found a transporter.
 14778 | Gauntlet | Found a transporter.
 14782 | Gauntlet | Found a transporter.
 14782 | Gauntlet | Found a transporter.
 14811 | Gauntlet | Found a transporter.
 14815 | Gauntlet | Found a transporter.
 14818 | Gauntlet | Noticed a death ooze
 14827 | Gauntlet | Found a transporter.
 14839 | Gauntlet | Found a runed translucent door.
 14840 | Gauntlet | Found a transporter.
 14841 | Gauntlet | Found a runed translucent door.
 14855 | Gauntlet | Found a transporter.
 14859 | Gauntlet | Found a transporter.
 15025 | Gauntlet | Reached skill level 1 in Invocations
 15033 | Gauntlet | Got a masterwork cloak
 15053 | Gauntlet | Identified the +0 cloak of Insecurity {Dex+4} (You found it
                  | in a Gauntlet)
 15087 | Gauntlet | Noticed a minotaur
 15098 | Gauntlet | Killed a minotaur
 15103 | Gauntlet | Got a scorched war axe
 15105 | Gauntlet | Identified the +7 war axe of the Singing Seer {protect, rF+
                  | Will+} (You found it in a Gauntlet)
 15141 | Lair:2   | Noticed Harold
 15153 | Lair:2   | Killed Harold
 15154 | Lair:2   | Reached XP level 14. HP: 140/140 MP: 12/14
 15419 | Lair:2   | Found a staircase to the Shoals.
 15454 | Lair:2   | Reached skill level 5 in Shields
 16477 | Lair:3   | Found the +8 whip "Snakebite" {curare, rPois}
 16577 | Lair:4   | Reached skill level 1 in Transmutations
 17272 | Lair:4   | Found a staircase to the Snake Pit.
 17370 | Lair:5   | Reached skill level 14 in Unarmed Combat
 17820 | Lair:5   | Noticed Kirke
 17831 | Lair:5   | Killed Kirke
 18088 | Lair:5   | Reached skill level 5 in Invocations
 18504 | Lair:6   | Entered Level 6 of the Lair of Beasts
 18641 | Lair:6   | Reached XP level 15. HP: 146/146 MP: 18/18
 18690 | Lair:6   | Found a runed translucent door.
 18691 | Lair:6   | Found a viscous altar of Jiyva.
 18691 | Lair:6   | Noticed an acid blob
 18693 | Lair:6   | Found a staircase to the Slime Pits.
 18693 | Lair:6   | Noticed an acid blob
 18966 | Lair:6   | Found a large runed translucent door.
 18967 | Lair:6   | Found a large runed translucent door.
 19961 | Orc:1    | Entered Level 1 of the Orcish Mines
 19961 | Orc:1    | Found Atiagael's Weapon Boutique.
 20050 | Orc:2    | Entered Level 2 of the Orcish Mines
 20561 | Orc:2    | Reached skill level 1 in Spellcasting
 20588 | Orc:2    | Found Rotad's Distillery.
 20593 | Orc:2    | Found Reshrorof's General Store.
 20702 | Orc:2    | Reached skill level 15 in Unarmed Combat
 20703 | Orc:2    | Reached skill level 5 in Transmutations
 21150 | Orc:2    | Found a staircase to the Elven Halls.
 21292 | Orc:2    | Found Huifrero's Armour Emporium.
 21411 | Orc:2    | Bought a potion of might for 48 gold pieces
 21411 | Orc:2    | Bought a potion of heal wounds for 60 gold pieces
 21413 | Orc:2    | Bought the +0 cloak of Opibij {*Drain rPois rF+ Will++} for
                  | 331 gold pieces
 21653 | Orc:2    | Found Gaujeaf's Book Emporium.
 21653 | Orc:2    | Found a one-way gate leading to the halls of Pandemonium.
 21653 | Orc:2    | Found Laepad's Antique Weapon Shoppe.
 22365 | Snake:1  | Entered Level 1 of the Snake Pit
 22396 | Snake:1  | Found Haohoat's Magic Scroll Emporium.
 22822 | Snake:1  | Reached XP level 16. HP: 133/156 MP: 2/19
 22961 | Snake:1  | Found Wucluori's Jewellery Shop.
 24020 | Snake:2  | Found a transporter.
 24021 | Snake:2  | Noticed Womp's ghost (adept HuWn)
 24091 | Snake:2  | Learned a level 6 spell: Statue Form
 24164 | Snake:2  | Found a transporter.
 24599 | Snake:2  | Reached skill level 10 in Fighting
 24602 | Snake:2  | Killed Womp's ghost
 24603 | Snake:2  | Reached skill level 1 in Earth Magic
 24877 | Snake:3  | Found a frozen archway.
 24882 | IceCv    | Entered an ice cave
 25350 | IceCv    | Identified a scroll of acquirement
 25350 | IceCv    | Acquired 1213 gold pieces
 25507 | Snake:3  | Found Ziorok's Magic Scroll Shoppe.
 25523 | Snake:3  | Bought a scroll of teleportation for 42 gold pieces
 25523 | Snake:3  | Bought a scroll of teleportation for 42 gold pieces
 25523 | Snake:3  | Bought a scroll of enchant armour for 105 gold pieces
 25574 | Snake:3  | Noticed Asterion
 25604 | Snake:3  | Killed Asterion
 26223 | Snake:3  | Reached XP level 17. HP: 150/167 MP: 23/23
 26237 | Snake:3  | Got a transparent dagger
 26243 | Snake:3  | Identified the +10 dagger of Kismet {vorpal, rF- Int+8}
                  | (You found it on level 3 of the Snake Pit)
 26496 | Snake:3  | Noticed Vashnia
 26840 | Snake:3  | Killed Vashnia
 26841 | Snake:3  | Reached skill level 5 in Spellcasting
 27358 | Snake:3  | Reached skill level 5 in Earth Magic
 27517 | Snake:4  | Entered Level 4 of the Snake Pit
 27606 | Snake:4  | Noticed Muedoud's ghost (adept KoBe)
 27618 | Snake:4  | Found a runed translucent gate.
 27618 | Snake:4  | Found a runed translucent gate.
 27618 | Snake:4  | Found a runed translucent gate.
 28526 | Snake:4  | Killed Muedoud's ghost
 28568 | Snake:4  | Got a fine dagger
 28569 | Snake:4  | Identified the +10 dagger "Uzo Yhog" {speed, rF+ Str+2
                  | SInv} (You found it on level 4 of the Snake Pit)
 28709 | Snake:4  | Found a basalt altar of Yredelemnul.
 29004 | Snake:4  | Got a serpentine rune of Zot
 30222 | Shoals:1 | Entered Level 1 of the Shoals
 30222 | Shoals:1 | Noticed Frances
 30245 | Lair:2   | Gained mutation: Your body sometimes deteriorates upon
                  | taking damage. [a neqoxec]
 30246 | Lair:2   | Killed Frances
 30349 | Lair:2   | Lost mutation: Your body sometimes deteriorates upon taking
                  | damage. [potion of mutation]
 30349 | Lair:2   | Gained mutation: Your body sometimes deteriorates upon
                  | taking damage. [potion of mutation]
 30349 | Lair:2   | Gained mutation: You expend magic power (3 MP) to
                  | strengthen your wands. [potion of mutation]
 30349 | Lair:2   | Gained mutation: You are partially covered in iridescent
                  | scales. (AC +2) [potion of mutation]
 30350 | Lair:2   | Lost mutation: Your body sometimes deteriorates upon taking
                  | damage. [potion of mutation]
 30350 | Lair:2   | Lost mutation: You expend magic power (3 MP) to strengthen
                  | your wands. [potion of mutation]
 30350 | Lair:2   | Gained mutation: Your spells are a little harder to cast,
                  | but a little more powerful. [potion of mutation]
 30350 | Lair:2   | Gained mutation: You tend to lose your temper in combat.
                  | [potion of mutation]
 30350 | Lair:2   | Gained mutation: You have a pair of small horns on your
                  | head. [potion of mutation]
 30351 | Lair:2   | Lost mutation: Your spells are a little harder to cast, but
                  | a little more powerful. [potion of mutation]
 30351 | Lair:2   | Lost mutation: You are partially covered in iridescent
                  | scales. (AC +2) [potion of mutation]
 30351 | Lair:2   | Lost mutation: You tend to lose your temper in combat.
                  | [potion of mutation]
 30351 | Lair:2   | Gained mutation: Your flesh is heat resistant. (rF+)
                  | [potion of mutation]
 30351 | Lair:2   | Gained mutation: You passively map a small area around you.
                  | [potion of mutation]
 30365 | Shoals:1 | Reached XP level 18. HP: 151/179 MP: 26/26
 31645 | Shoals:2 | Reached skill level 10 in Armour
 32285 | Shoals:3 | Noticed Louise
 32307 | Shoals:3 | Killed Louise
 32420 | Shoals:3 | Found a large runed translucent door.
 32420 | Shoals:3 | Found a large runed translucent door.
 32425 | Shoals:3 | Noticed Yvvy's ghost (adept HaHu)
 32454 | Shoals:3 | Killed Yvvy's ghost
 33405 | Shoals:3 | Found a bloodstained altar of Trog.
 33912 | Shoals:4 | Entered Level 4 of the Shoals
 34833 | Shoals:4 | Learned a level 5 spell: Borgnjor's Vile Clutch
 34839 | Shoals:4 | Learned a level 5 spell: Silence
 35070 | Shoals:4 | Reached skill level 10 in Transmutations
 35077 | Shoals:4 | Found Ycveepuse's Distillery.
 35089 | Shoals:4 | Bought a potion of invisibility for 112 gold pieces
 35089 | Shoals:4 | Bought a potion of mutation for 112 gold pieces
 35089 | Shoals:4 | Bought a potion of curing for 42 gold pieces
 35089 | Shoals:4 | Bought a potion of mutation for 112 gold pieces
 35089 | Shoals:4 | Bought a potion of heal wounds for 70 gold pieces
 35089 | Shoals:4 | Bought a potion of heal wounds for 70 gold pieces
 35160 | Shoals:4 | Reached skill level 1 in Necromancy
 35514 | Shoals:4 | Reached XP level 19. HP: 120/187 MP: 28/28
 36060 | Shoals:4 | Got a barnacled rune of Zot
 36309 | Depths:1 | Entered Level 1 of the Depths
 36960 | Depths:1 | Found a gateway to Hell.
 37266 | Depths:1 | Found a gateway to a ziggurat.
 37332 | Depths:1 | Found Waexumm's Gadget Emporium.
 37332 | Depths:1 | Found Zoliq's Jewellery Boutique.
 37336 | Depths:1 | Found Yforr's Jewellery Boutique.
 37698 | Depths:1 | Reached skill level 10 in Earth Magic
 38018 | Depths:1 | Found the +9 sword of Zonguldrok {reap}
 38018 | Depths:1 | Noticed a bone dragon
 38036 | Depths:1 | Killed a bone dragon
 38773 | Depths:1 | Reached skill level 5 in Necromancy
 39184 | Depths:2 | Reached skill level 16 in Unarmed Combat
 39194 | Depths:2 | Reached XP level 20. HP: 176/198 MP: 29/29
 39305 | Depths:2 | Identified Casting in Simple Steps
 39702 | Depths:2 | Identified the +7 demon trident of Darkness {freeze,
                  | *Contam Int+5 SInv}
 40625 | Depths:3 | Identified the +9 short sword "Custooc" {speed, rN+ Int+2}
 40642 | Depths:3 | Learned a level 4 spell: Petrify
 42492 | Depths:4 | Found Umaim's Weapon Emporium.
 42504 | Depths:4 | Found Rouvvony's Antique Weapon Shoppe.
 42844 | Depths:4 | Got a vibrating diamond amulet
 42856 | Depths:4 | Identified the amulet of Haogifos {Inacc rPois rN+ Int-3
                  | Dex+9} (You found it on level 4 of the Depths)
 43192 | Depths:4 | Reached skill level 1 in Hexes
 43192 | Depths:4 | Reached skill level 1 in Air Magic
 43746 | Depths:4 | Reached XP level 21. HP: 205/206 MP: 30/30
 43767 | Depths:4 | Found a one-way gate to the infinite horrors of the Abyss.
 43777 | Depths:4 | Reached skill level 17 in Unarmed Combat
 43951 | Depths:5 | Entered Level 5 of the Depths
 44366 | Depths:5 | Noticed a golden dragon
 44380 | Depths:4 | Killed a golden dragon
 44651 | Depths:5 | Noticed hofbold's ghost (veteran BaAK)
 44679 | Depths:5 | Noticed a caustic shrike
 44681 | Depths:5 | Noticed a caustic shrike
 44682 | Depths:5 | Noticed a caustic shrike
 44682 | Depths:5 | Noticed a caustic shrike
 44684 | Depths:5 | Noticed a caustic shrike
 44690 | Depths:5 | Noticed a caustic shrike
 44690 | Depths:5 | Noticed a caustic shrike
 44690 | Depths:5 | Noticed a caustic shrike
 44690 | Depths:5 | Noticed a caustic shrike
 44690 | Depths:5 | Noticed a caustic shrike
 44690 | Depths:5 | Noticed a caustic shrike
 44911 | Depths:5 | Noticed a caustic shrike
 45143 | Depths:5 | Found a runed translucent gate.
 45143 | Depths:5 | Found a runed translucent gate.
 45143 | Depths:5 | Found a runed translucent gate.
 45316 | Depths:5 | Noticed Sojobo
 45358 | Depths:5 | Killed Sojobo
 45728 | Depths:5 | Noticed a golden dragon
 45757 | Depths:5 | Killed a golden dragon
 45876 | Depths:5 | Found a gate to the Realm of Zot.
 45983 | Depths:5 | Noticed a caustic shrike
 46018 | Depths:5 | Killed a caustic shrike
 46019 | Depths:5 | Noticed a caustic shrike
 46019 | Depths:5 | Noticed a caustic shrike
 46019 | Depths:5 | Noticed a caustic shrike
 46019 | Depths:5 | Noticed a caustic shrike
 46019 | Depths:5 | Noticed a caustic shrike
 46028 | Depths:4 | Killed a caustic shrike
 46645 | Depths:1 | Bought the ring of Mutualism {*Contam +Fly rC+ Str+7 Int-4
                  | Dex+4} for 864 gold pieces
 47119 | Vaults:1 | Entered Level 1 of the Vaults
 47440 | Vaults:1 | Noticed Saint Roka
 47465 | Vaults:1 | Killed Saint Roka
 48115 | Vaults:1 | Reached XP level 22. HP: 184/214 MP: 31/31
 48254 | Vaults:1 | Found Sevvy's General Store.
 48263 | Vaults:1 | Bought a potion of heal wounds for 65 gold pieces
 48263 | Vaults:1 | Bought a potion of curing for 39 gold pieces
 48263 | Vaults:1 | Bought a potion of curing for 39 gold pieces
 48263 | Vaults:1 | Bought 2 potions of mutation for 208 gold pieces
 48715 | Vaults:1 | You fall into a shaft and drop 1 floor!
 48890 | Vaults:2 | Reached skill level 18 in Unarmed Combat
 49077 | Vaults:2 | Found a staircase to the Crypt.
 50542 | Vaults:1 | Found a portal to a secret trove of treasure.
 51280 | Vaults:3 | Noticed Mara
 51293 | Vaults:3 | Noticed KristoblXynda's illusion
 51297 | Vaults:3 | Killed Mara
 52315 | Vaults:4 | Acquired the amulet of Pumial {Acrobat Fragile rElec rPois
                  | Dex+4}
 52635 | Vaults:5 | Entered Level 5 of the Vaults
 52645 | Vaults:5 | Reached XP level 23. HP: 172/222 MP: 32/32
 52712 | Vaults:5 | Identified the ring "Lerotoza" {Fire *Slow Str+9}
 52777 | Vaults:5 | Reached skill level 19 in Unarmed Combat
 52807 | Vaults:5 | Noticed an ancient lich
 53578 | Vaults:4 | Killed an ancient lich
 53802 | Vaults:5 | HP: 10/222 [Tzitzimitl/bolt of cold[a lich] (17)]
 53807 | Vaults:5 | HP: 8/222 [poisoned by a green death (blast of poison)]
 53822 | Vaults:5 | Killed from afar by a shadow dragon

Illustrated notes

Levels and vault maps discovered:
D:1:      saegor_arrival_miasma, layout_loops_ring
D:2:      layout_loops_ring, lightli_temple_of_fire, serial_aquarium,
          aquarium_bridge_straight [aquarium_subvault_bridge,
          aquarium_subvault_window, aquarium_subvault_bridge,
          aquarium_subvault_wall], aquarium_bridge_square
          [aquarium_subvault_wall, aquarium_subvault_window,
          aquarium_subvault_bridge, aquarium_subvault_bridge],
          aquarium_window_fake, aquarium_window_2, aquarium_window_corridor_3,
          aquarium_view_2b, aquarium_pool_S, minmay_tetromino_t4, uniq_sigmund
D:3:      layout_loops_ring, marbit_many_paths
D:4:      layout_basic
D:5:      layout_loops_ring, lemuel_doored_altar, fedhas_altar_2
D:6:      layout_gridville, grunt_gozag_breadcrumbs, kennysheep_little_box,
          item_on_display_a, uniq_menkaure
D:7:      layout_loops_ring, minmay_temple_entry_fiery, serial_shops,
          nicolae_shop_overgrown_old_shop, ebering_ghost_gozag,
          minmay_ruined_shrine
D:8:      minmay_ornate_pinched, layout_basic, ashenzari_altar_1,
          lemuel_round_altar, uniq_maggie
D:9:      layout_loops_ring, okawaru_trees_1, uniq_grum
D:10:     layout_loops_cross, basic_altar
D:11:     layout_long_grid, david_lair_generic, orc_david_3
D:12:     layout_irregular_city, minmay_misc_feat_rows, uniq_nergalle
D:13:     layout_roguey, grunt_vaults_entry_fortified, lemuel_tele_altar,
          uniq_nessos, uniq_erolcha
D:14:     layout_grid_maze
D:15:     hangedman_depths_entry_civil_slaughter, layout_loops_ring,
          elyvilon_altar_4, uniq_josephine, uniq_jorgrun
Temple:   eino_narrow_crystal_temple
Lair:1:   layout_cave_shapes, worms_lemuel, grunt_megastairs_4
Lair:2:   layout_concentric_octagons, minmay_shoals_entry_beasts,
          gauntlet_entry_generic, grunt_megastairs_2, uniq_harold
Lair:3:   minmay_guarded_unrand_snakebite, layout_gridlike
Lair:4:   layout_regular_city, dummy_snake_entry
Lair:5:   layout_layer_cave, minmay_lair_oklob_chamber, uniq_kirke
Lair:6:   cheibrodos_lair_end_hotspot, layout_hall_layers, slime_altar_2,
          minmay_lair_drake_nest
Shoals:1: layout_shoals, nzn_prometheus_bound, uniq_frances
Shoals:2: layout_shoals, hangedman_shoals_cup_caves
Shoals:3: layout_shoals, ebering_ghost_disaster_area,
          wheals_shoals_ruined_temple, uniq_louise
Shoals:4: shoals_end_hangedman, layout_shoals, serial_shops, shop
Snake:1:  layout_honeycomb, serial_shops, shop, nicolae_shop_statue_plus,
          lemuel_fruit_tree
Snake:2:  layout_onion, gammafunk_ghost_arena, nicolae_coiled_stairwell_up,
          serial_bayou_shore_a
Snake:3:  kennysheep_snake, layout_onion_interference, serial_shops, shop,
          portal_ice_cave_entry_pillars_three, nicolae_snake_single_loop,
          uniq_vashnia, uniq_asterion
Snake:4:  snake_pit, layout_layer_cave, basic_altar, gammafunk_ghost_split
Orc:1:    layout_diamond_mine, serial_shops, shop
Orc:2:    pf_orc_diabolical, layout_caves, serial_shops, nicolae_shop_trees,
          guppyfry_library_mini
Vaults:1: hangedman_vaults_capsules, nicolae_vaults_rhombus_6,
          vaults_mumra_minichess, v_misc_22, ontoclasm_vaults_decontamination,
          v_rooms_4, grunt_vaults_hallway_long, hangedman_vaults_restitches,
          nicolae_vaults_halls_meeting, grunt_vaults_twisty,
          ontoclasm_vaults_chip, nicolae_vaults_little_squares_2,
          ontoclasm_vaults_loading_screen, layout_vaults_omnicross,
          nicolae_trove_entry_crystal, serial_shops, shop, uniq_saint_roka
Vaults:2: v_pattern_2, minmay_crypt_entry_simple_box, ontoclasm_vaults_chip,
          nicolae_vaults_little_ls, vaults_room_fancy_cross,
          nicolae_vaults_little_squares_4, vaults_room_hallway,
          layout_vaults_quadrants
Vaults:3: grunt_vaults_focal, nicolae_vaults_diagonal_hallway_7,
          ontoclasm_vaults_chip, hangedman_vaults_stagger,
          grunt_vaults_trifunnel, ontoclasm_vaults_ring_large,
          nicolae_vaults_specimen_jars, layout_vaults_big_room, uniq_mara
Vaults:4: nicolae_vaults_little_squares_3, ontoclasm_vaults_gallery, v_misc_22,
          vaults_dpeg_doors, hangedman_vaults_cutoff, v_misc_4,
          vaults_standard_mumra_x, vaults_room_fancy_cross,
          nicolae_vaults_what_the_h, hangedman_vaults_cutoff,
          nicolae_vaults_sealed_display, layout_vaults_ring
Vaults:5
Depths:1: layout_gridlike, enter_ziggurat_e, hell_entry, nicolae_lava_and_water,
          minmay_guarded_unrand_zonguldrok, minmay_shop_grove
Depths:2: kennysheep_scales, layout_gridville, minmay_misc_feat_ornament,
          hellmouth_2, doesnt_xom_only_xom
Depths:3: kennysheep_cluttered_fort, layout_long_grid, pf_dread_powers_of_hell,
          rand_demon_pan_entry_5, firewood_loft, grunt_megastairs_1
Depths:4: minmay_fractal_lines_corner, layout_gridlike, minmay_room_of_horrors,
          pf_hell_entry_tar_river, kennysheep_decorative_pillar, st_stairs_4,
          minmay_shoptagon
Depths:5: evilmike_zot_entry_gauntlet, layout_cave_pools,
          hangedman_coc_ice_floe, gammafunk_ghost_icy, serial_bayou_pond_c,
          moated_statue, uniq_sojobo

Skill      XL: |  1  2  3  4  5  6  7  8  9 10 11 12 13 14 15 16 17 18 19 20 21 22 23 |
---------------+----------------------------------------------------------------------+-----
Dodging        | 3 4 6 7 8 9 10 11 12 13 | 13.2
Fighting       | 3 4 5 7 8 9 10 11 12 | 12.1
Unarmed Combat | 4 5 6 7 8 9 10 11 12 13 14 15 16 17 18 19 | 19.3
Armour         | 3 5 7 8 9 10 12 | 12.9
Evocations     | 3 5 |  5.6
Shields        | 1 4 6 8 9 |  9.0
Invocations    | 1 5 6 7 9 |  9.0
Transmutations | 3 5 7 8 10 11 12 | 12.7
Spellcasting   | 2 4 6 7 |  7.0
Earth Magic    | 4 7 9 10 | 10.3
Necromancy     | 1 5 7 8 |  8.0
Stealth        | 3 |  3.9
Hexes          | 1 4 |  4.3
Air Magic      | 1 4 |  4.3

Action                   |  1- 3 |  4- 6 |  7- 9 | 10-12 | 13-15 | 16-18 | 19-21 | 22-24 || total
-------------------------+-------+-------+-------+-------+-------+-------+-------+-------++-------
Melee: Unarmed           |    79 |   110 |   325 |   568 |  1127 |  1560 |  1551 |   815 ||  6135
       Punch             |       |     1 |     8 |    53 |    29 |       |       |       ||    91
       Whip              |       |       |       |       |    28 |       |       |       ||    28
       Headbutt          |       |       |       |       |       |   229 |   603 |   291 ||  1123
Invok: Step From Time    |       |       |       |       |       |       |       |     1 ||     1
Evoke: Wand              |       |       |    20 |     6 |     1 |     9 |     8 |     2 ||    46
       Condenser vane    |       |       |       |       |     2 |     4 |     2 |     1 ||     9
       Box of beasts     |       |       |       |       |     1 |       |     1 |       ||     2
       Phial of floods   |       |       |       |       |     1 |       |       |       ||     1
       Lightning rod     |       |       |       |       |       |       |     2 |       ||     2
  Use: Potion            |       |     2 |     2 |     1 |     2 |    13 |     4 |    10 ||    34
       Scroll            |       |       |    11 |    15 |    10 |    11 |    26 |    14 ||    87
 Stab: Sleeping          |     2 |     3 |    10 |     6 |     7 |     9 |     1 |       ||    38
       Confused          |       |       |       |       |     6 |    11 |       |       ||    17
       Paralysed         |       |       |       |       |       |     1 |       |       ||     1
       Distracted        |       |       |       |       |       |       |     2 |       ||     2
       Invisible         |       |       |       |       |       |       |     6 |       ||     6
       Fleeing           |       |       |       |       |       |       |     1 |       ||     1
Armor: Robe              |    42 |    40 |    92 |       |       |       |       |       ||   174
       Acid dragon scale |       |       |       |   180 |   177 |   213 |   144 |       ||   714
       Ice dragon scales |       |       |       |       |       |       |   168 |       ||   168
       Gold dragon scale |       |       |       |       |       |       |    41 |   309 ||   350
Dodge: Dodged            |    52 |    60 |   190 |   496 |   770 |   808 |   828 |   269 ||  3473
Block: Other             |       |       |       |    71 |    12 |       |       |       ||    83
       Reflection        |       |       |       |    11 |    26 |   193 |    85 |    71 ||   386
       Kite shield       |       |       |       |       |   883 |  1583 |  1514 |   866 ||  4846

Table legend: (Time is in decaauts)
 A = Elapsed time spent in this place.
 B = Non-inter-level travel time spent in this place.
 C = Inter-level travel time spent in this place.
 D = Time resting spent in this place.
 E = Time spent auto-exploring this place.
 F = Levels seen in this place.
 G = Mean time per level.
                   A        B        C        D        E       F      G
               +--------+--------+--------+--------+--------+-----+--------+
         Total |  76987 |  71446 |   5541 |  12824 |  41029 |  44 | 1749.7 |
       Dungeon |  19749 |  17321 |   2428 |   1623 |  12383 |  15 | 1316.6 |
        Temple |    211 |    211 |      0 |      0 |    176 |   1 |  211.0 |
          Lair |  10377 |   9179 |   1198 |    406 |   6761 |   6 | 1729.5 |
        Shoals |   8471 |   8108 |    363 |   2282 |   3000 |   4 | 2117.8 |
     Snake Pit |  10758 |  10134 |    624 |   1704 |   5939 |   4 | 2689.5 |
  Orcish Mines |   3353 |   3095 |    258 |    700 |   1698 |   2 | 1676.5 |
        Vaults |   9829 |   9577 |    252 |   1704 |   5842 |   5 | 1965.8 |
        Depths |  12880 |  12465 |    415 |   4071 |   5140 |   5 | 2576.0 |
      Ice Cave |    801 |    801 |      0 |    261 |     10 |   1 |  801.0 |
      Gauntlet |    554 |    554 |      0 |     72 |     78 |   1 |  554.0 |
               +--------+--------+--------+--------+--------+-----+--------+

Top non-repeatable levels by time:
 Snake:4: 3535 daAuts
Depths:4: 3529 daAuts
 Snake:3: 3099 daAuts
Shoals:4: 3085 daAuts
Depths:1: 2891 daAuts
Depths:3: 2681 daAuts
Vaults:4: 2656 daAuts
Vaults:1: 2652 daAuts
Vaults:2: 2642 daAuts
   Orc:2: 2386 daAuts
Shoals:3: 2346 daAuts
    D:14: 2300 daAuts
    D:13: 2292 daAuts
  Lair:5: 2232 daAuts
 Snake:2: 2186 daAuts
